AoeStats
← Shoggi

Lombardia

509954998Analyzed
3v3 RM · 3d ago on Sep 28, 2026· 33m 0s· 6 players
Game mode
Random Map
Map size
Normal (6 player)
Population
200
Speed
Normal
Resources
Standard
Victory
Conquest
Starting age
Dark Age
Ending age
Imperial Age
RankedLock teamsTeams togetherTeam positionsShared explorationLock speedFull tech treeHidden civsTurbo modeCheats
Victory
Defeat
🇨🇭 Saracens · Switzerland
1478
+10
🇨🇭 Persians · Switzerland
1248
+19
🇨🇭 Burgundians · Switzerland
1227
+21
🇪🇸 Saxons · Spain
1338
-17
🇪🇸 Shu · Spain
1332
-17
🇪🇸 Persians · Spain
1320
-16
Sisyphedelamottas
5:26 Double-Bit Axe
9:08 Loom
11:26 Feudal Age
17:17 Castle Age
15:30 Horse Collar
16:50 Forging
17:19 Bow Saw
17:38 Heavy Plow
18:04 Husbandry
18:06 Cavalier
22:34 Scale Mail Armor
25:49 Scale Barding Armor
27:47 Iron Casting
29:30 Chain Barding Armor
30:03 Wheelbarrow
30:42 Crop Rotation
31:55 Two-Man Saw
31:44 Hand Cart
Shoggi
5:18 Loom
9:05 Feudal Age
9:40 Double-Bit Axe
12:46 Fletching
23:36 Castle Age
22:12 Gold Mining
22:52 Padded Archer Armor
22:54 Horse Collar
24:13 Bodkin Arrow
23:52 Crossbowman
26:38 Ballistics
Zuff
6:47 Loom
8:54 Feudal Age
9:39 Double-Bit Axe
17:21 Forging
23:43 Castle Age
22:31 Bloodlines
22:28 Scale Barding Armor
22:55 Horse Collar
23:21 Gold Mining
24:35 Bow Saw
25:04 Wheelbarrow
24:47 Husbandry
28:14 Chain Barding Armor
28:17 Heavy Plow
29:32 Town Watch
30:28 Iron Casting
31:00 Town Watch
PsychoDog
7:12 Loom
9:53 Feudal Age
12:20 Horse Collar
12:26 Double-Bit Axe
23:04 Castle Age
24:51 Bow Saw
29:10 Scale Barding Armor
29:16 Forging
32:42 Town Watch
Omicronio
10:31 Feudal Age
11:37 Loom
14:33 Castle Age
13:01 Double-Bit Axe
14:27 Fletching
14:58 Crossbowman
16:30 Bodkin Arrow
21:16 Padded Archer Armor
23:19 Bow Saw
28:23 Thumb Ring
28:53 Ballistics
29:55 Gold Mining
29:49 Horse Collar
Kashmir
10:51 Feudal Age
9:11 Loom
14:14 Double-Bit Axe
16:33 Castle Age
16:58 Horse Collar
19:21 Bow Saw
20:22 Scale Mail Armor
21:21 Fletching
24:41 Chain Mail Armor
25:43 Forging
25:52 Bodkin Arrow
29:19 Wheelbarrow
30:06 Forging
Connection lost

Rejoining the realm…

Still unreachable

The connection could not be restored.

Session expired

The server has moved on; the page needs a fresh start.